 Dungeon Crawl Stone Soup version 0.18.1-8-gdd0e5ea (webtiles) character file.

892 Quirk the Skirmisher (level 7, -4/71 HPs)
             Began as a Troll Fighter on May 26, 2016.
             Was a Believer of Okawaru.
             Slain by Duvessa
             ... wielding a +0 short sword
              (13 damage)
             ... on level 4 of the Dungeon.
             The game lasted 00:08:04 (2927 turns).

Quirk the Skirmisher (Troll Fighter)                Turns: 2927, Time: 00:08:05

Health: -4/71      AC: 10    Str: 27    XL:     7   Next: 78%
Magic:  6/6        EV:  9    Int:  4    God:    Okawaru [**....]
Gold:   238        SH:  9    Dex: 13    Spells: 0 memorised, 6 levels left

rFire  . . .     SeeInvis .     u - +3 flail (protect)
rCold  . . .     Gourm    +     b - +0 robe
rNeg   . . .     Faith    .     c - +0 shield
rPois  .         Spirit   .     (helmet restricted)
rElec  .         Dismiss  .     (no cloak)
rCorr  .         Reflect  .     (gloves unavailable)
SustAt .         Harm     .     (boots unavailable)
MR     .....                    k - amulet of magic regeneration
Stlth  +.........               (no ring)
                                a - +4 ring of dexterity

@: not resistant to hostile enchantments, very unstealthy
A: unfitting armour, claws 3, fast metabolism 3, gourmand, regeneration 2,
shaggy fur 1, tough skin 2
a: Heroism, Renounce Religion


You were on level 4 of the Dungeon.
You worshipped Okawaru.
Okawaru was pleased with you.
You were completely stuffed.

You visited 1 branch of the dungeon, and saw 4 of its levels.

You collected 238 gold pieces.

Inventory:

Hand Weapons
 t - a +0 giant spiked club
 u - a +3 flail of protection (weapon)
Armour
 b - a +0 robe (worn)
 c - a +0 shield (worn)
Jewellery
 a - a +4 ring of dexterity (left claw)
 k - an amulet of magic regeneration (around neck)
Wands
 r - a wand of polymorph (14/24)
Scrolls
 e - 3 scrolls of identify {unknown}
 g - a scroll of fear {unknown}
 i - a scroll of immolation {unknown}
 m - a scroll of noise {unknown}
 n - a scroll of magic mapping {unknown}
 q - a scroll of amnesia {unknown}
 s - a scroll of fog {unknown}
 v - a scroll of remove curse {unknown}
 y - 2 scrolls of recharging {unknown}
Potions
 d - a potion of might
 h - a potion of brilliance {unknown}
 l - a potion of lignification {unknown}
 o - a potion of curing
Books
 x - a Fen Folio

   Spells                             Type                      Level
   a - Corpse Rot                     Necromancy                   2
   b - Stone Arrow                    Conjuration/Earth            3
   c - Leda's Liquefaction            Hexes/Earth                  4
   d - Summon Forest                  Summoning/Translocation      5
   e - Hydra Form                     Transmutation                6
   f - Summon Hydra                   Summoning                    7
Comestibles
 f - 5 bread rations
 j - a royal jelly
 p - 2 meat rations
 w - a beef jerky
 z - a slice of pizza
 A - 3 fruits


   Skills:
 * Level 4.6 Fighting
 * Level 4.2 Maces & Flails
 + Level 2.3 Armour
 * Level 4.3 Dodging
 + Level 3.3 Shields


You had 6 spell levels left.
You didn't know any spells.

Dungeon Overview and Level Annotations

Branches:
Dungeon (4/15)
 Temple: D:4-7

Altars:
Dithmenos
Elyvilon
Gozag
Makhleb
Okawaru

Annotations:
D:4 4 runed doors, Dowan, Duvessa


Innate Abilities, Weirdness & Mutations

You are too large for most types of armour.
You have claws for hands.
Your metabolism is lightning-fast.
You like to eat raw meat.
You heal very quickly.
You are covered in fur (AC +1).
You have very tough skin (AC +2).


Message History

Duvessa hits you with a short sword! Dowan hits you but does no damage.
You block Duvessa's attack.
You barely miss Duvessa.
Duvessa is heavily wounded.
You block Duvessa's attack. Duvessa hits you with a short sword!
Dowan barely misses you.
Dowan generates a fountain of clear water, and laughs cruelly.
You barely miss Duvessa.
Duvessa is heavily wounded.
Duvessa hits you with a short sword! You block Duvessa's attack.
You sock Duvessa!
Duvessa is severely wounded.
You block Duvessa's attack. Duvessa hits you with a short sword!
You closely miss Duvessa.
Duvessa is severely wounded.
Duvessa hits you with a short sword!
* * * LOW HITPOINT WARNING * * *
Dowan gestures at Duvessa while chanting.
Duvessa seems to speed up.
Duvessa hits you with a short sword!
You die...

#...#.##.......#...........#
...........................+
)<#.#.##........###........##
###....#......#..............
.......##.....))......)......
.......##......e.............
.......##........####........
...........####e## #........
..............#.@####........
#.......## #.##....#+######.
'.......#####.............##
#...........................
#+####....................
###+####....................
......##......###...........
......##......#........##...
......##......#........# ..


You could see Duvessa (berserk) and Dowan.

Vanquished Creatures
  Sigmund (D:4)
  Edmund (D:3)
  2 ogres
  A scorpion (D:3)
  A howler monkey (D:4)
  A giant frog skeleton (D:4)
  An orc priest (D:4)
  2 hounds
  2 orc wizards
  An iguana (D:3)
  9 adders
  3 oozes (D:4)
  An adder zombie (D:2)
  2 adder skeletons (D:2)
  2 worms
  5 giant geckos
  6 orcs
  3 giant cockroaches
  13 goblins
  5 hobgoblins
  2 jackals (D:3)
  8 kobolds
  5 ball pythons
  5 bats
  A giant cockroach zombie (D:2)
  3 giant gecko zombies (D:2)
  3 giant newts
  A jackal skeleton (D:2)
  A quokka skeleton (D:4)
  A quokka zombie (D:2)
  6 rats
98 creatures vanquished.

Vanquished Creatures (others)
  A fungus (D:2)
1 creature vanquished.

Grand Total: 99 creatures vanquished

Notes
Turn   | Place    | Note
--------------------------------------------------------------
     0 | D:1      | Quirk the Troll Fighter began the quest for the Orb.
     0 | D:1      | Reached XP level 1. HP: 22/22 MP: 0/0
   282 | D:1      | Reached XP level 2. HP: 29/29 MP: 1/1
   893 | D:2      | Reached XP level 3. HP: 34/36 MP: 2/2
  1117 | D:2      | Reached XP level 4. HP: 35/45 MP: 3/3
  1234 | D:2      | Found an iron altar of Okawaru.
  1264 | D:2      | Became a worshipper of Warmaster Okawaru
  1502 | D:2      | Reached skill level 1 in Armour
  1681 | D:3      | Reached XP level 5. HP: 34/53 MP: 4/4
  1865 | D:3      | Noticed an ogre
  1878 | D:3      | Killed an ogre
  2040 | D:3      | Found an opulent altar of Gozag.
  2073 | D:3      | Found a shadowy altar of Dithmenos.
  2282 | D:4      | Noticed Edmund
  2299 | D:3      | Killed Edmund
  2299 | D:3      | Reached * piety under Okawaru
  2299 | D:3      | Reached XP level 6. HP: 30/62 MP: 5/5
  2393 | D:4      | Found a large runed door.
  2393 | D:4      | Found a large runed door.
  2467 | D:4      | Found a large runed door.
  2467 | D:4      | Found a large runed door.
  2514 | D:4      | Reached XP level 7. HP: 16/70 MP: 6/6
  2533 | D:4      | Found a white marble altar of Elyvilon.
  2696 | D:3      | Reached ** piety under Okawaru
  2739 | D:4      | Found a burning altar of Makhleb.
  2744 | D:4      | Noticed Sigmund
  2760 | D:4      | Killed Sigmund
  2893 | D:4      | Noticed Dowan
  2894 | D:4      | Noticed Duvessa
  2927 | D:4      | Slain by Duvessa

Skill      XL: |  1  2  3  4  5  6  7 |
---------------+----------------------+-----
Maces & Flails | 2 3 4 |  4.2
Fighting       | 3 4 |  4.6
Armour         | 1 2 |  2.3
Dodging        | 3 4 |  4.3
Shields        | 3 |  3.3

Action                   |  1- 3 |  4- 6 |  7- 9 || total
-------------------------+-------+-------+-------++-------
Melee: Flail             |   121 |   202 |    77 ||   400
  Use: Potion            |       |     1 |     2 ||     3
  Eat: Chunk             |    12 |    18 |     4 ||    34
Armor: Robe              |    31 |    68 |    46 ||   145
Dodge: Dodged            |    54 |    77 |    38 ||   169
Block: Shield            |    60 |   116 |    63 ||   239
